 Dungeon Crawl Stone Soup version 0.27.0-1-g7a089689b8 (webtiles) character file.

Game seed: 13705865630588773259

280 Fv001 the Shield-Bearer (level 6, -3/47 HPs)
             Began as a Demonspawn Fighter on Aug 9, 2021.
             Slain by an ogre (13 damage)
             ... on level 5 of the Dungeon.
             The game lasted 00:08:17 (4088 turns).

Fv001 the Shield-Bearer (Demonspawn Fighter)        Turns: 4088, Time: 00:08:18

Health: -3/47      AC: 13    Str: 17    XL:     6   Next: 5%
Magic:  6/6        EV:  3    Int:  9    God:
Gold:   149        SH: 13    Dex: 14    Spells: 5/5 levels left

rFire    . . .     SeeInvis .   a - +0 long sword
rCold    . . .     Faith    .   c - +0 kite shield
rNeg     . . .     Spirit   .   r - +0 plate armour
rPois    .         Reflect  .   (helmet restricted)
rElec    .         Harm     .   (no cloak)
rCorr    .         Rampage  .   h - +0 pair of gloves
Will     .....                  m - +0 pair of boots
Stlth    ..........             (no amulet)
HPRegen  0.15/turn              (no ring)
MPRegen  0.10/turn              (no ring)

@: no status effects
A: antennae 1, condensation shield
a: no special abilities


You were on level 5 of the Dungeon.
You visited 1 branch of the dungeon, and saw 5 of its levels.

You collected 149 gold pieces.

Inventory:

Hand Weapons
 a - a +0 long sword (weapon)
 b - a +1 short sword of freezing
Armour
 c - a +0 kite shield (worn)
 h - a +0 pair of gloves (worn)
 m - a +0 pair of boots (worn)
 r - a +0 plate armour (worn)
Scrolls
 f - 2 scrolls of teleportation
 i - a scroll of holy word {unknown}
 j - a scroll of enchant weapon {unknown}
 k - 3 scrolls of torment
 l - a scroll of magic mapping
 n - a scroll of fear {unknown}
 p - a scroll of acquirement {unknown}
 s - 2 scrolls of fog {unknown}
Potions
 d - a potion of might
 e - a potion of heal wounds {unknown}
 g - a potion of curing
 o - a potion of degeneration {unknown}
 q - a potion of attraction {unknown}


   Skills:
 + Level 3.4 Fighting
 + Level 3.9 Long Blades
 + Level 3.1 Armour
 + Level 1.1 Dodging
 + Level 0.2 Stealth
 + Level 4.2 Shields


You had 5 spell levels left.
You didn't know any spells.
Your spell library contained the following spells:

 Spells                   Type           Power      Damage    Failure   Level
 Corpse Rot               Necr/Air       N/A        N/A       100%        2
 Sublimation of Blood     Necr           0%         N/A       100%        2
 Dispel Undead            Necr           0%         3d6       100%        4
 Petrify                  Tmut/Erth      0%         N/A       100%        4
 Irradiate                Conj/Tmut      0%         3d14      100%        5
 Death Channel            Necr           0%         N/A       100%        6


Dungeon Overview and Level Annotations

Branches:
Dungeon (5/15)
 Temple: D:4-7

Altars:
Zin

Shops:
D:2 [


Innate Abilities, Weirdness & Mutations

You have a pair of small antennae on your head.
A meltable shield of frost defends you. (SH +4)


Message History

There is a stone staircase leading down here.
You climb downwards.
You hear the sound of rushing water.
There is an entrance to a sewer on this level.
Hurry and find it before the portal rusts away!
There is a stone staircase leading up here.
As you read the scroll of magic mapping, it crumbles to dust.
You feel aware of your surroundings.
You sensed 1 shop/portal.
A troll, a necrophage and a skeleton come into view.
The troll shouts!
An orc priest comes into view. It is wielding a +0 hand axe.
The necrophage moves out of view.
Found 19 gold pieces.
There is a stone staircase leading up here.
You climb upwards.
There is a stone staircase leading down here.
There is a stone staircase leading down here.
You climb downwards.
You hear the sound of rushing water.
There is an entrance to a sewer on this level.
Hurry and find it before the portal rusts away!
There is a stone staircase leading up here.
You hear the slow rusting of a very distant drain.
An ogre comes into view. It is wielding a +0 giant spiked club.
The ogre shouts!
You slash the ogre!
The ogre is moderately wounded.
The ogre hits you but does no damage.
You hit the ogre.
The ogre is heavily wounded.
You block the ogre's attack.
Your plate armour prevents you from hitting the ogre.
The ogre is heavily wounded.
The ogre hits you with a +0 giant spiked club!!
You hit the ogre.
The ogre is severely wounded.
The ogre hits you with a +0 giant spiked club!!
* * * LOW HITPOINT WARNING * * *
You hit the ogre but do no damage.
The ogre is severely wounded.
The ogre hits you with a +0 giant spiked club!
You die...

+,,,,,,,,,,,* #.#
****,*****,,* #.# *
*,,,,,*,,* #.#
********,*,,* #.#
,,,,,,,,,*,,* #.#
**********,,* #.#
**,,,,,***,,* #.#
,+,,,,,+,,>,*
#.########****
**,,,,,****,*
#.@O......,,,*
*,,,,,* *,*
##########,***
*,,,,,****+*********
*,*
*****,,,,,,,,,,,,,,*
*,* *,,,,,,,,,,,,,,*
*,* *,,,,,,,,,,,,,,*
*,* *,,,,,,,,,,,,,,*
*,* *,,,,,,,,,,,,,,*
*,* ****
*,,,,,,,,,,,,,,* *,*


You could see an ogre.

Vanquished Creatures
  A jelly (D:4)
  A hound (D:2)
  An iguana (D:2)
  An orc wizard (D:2)
  7 adders
  3 worms
  4 dart slugs
  4 orcs
  11 endoplasms
  6 giant cockroaches
  5 goblins
  5 hobgoblins
  4 jackals (D:2)
  3 quokkas
  6 ball pythons
  6 bats
  2 frilled lizards
  12 kobolds
  6 rats
88 creatures vanquished.

Notes
Turn   | Place    | Note
-------+----------+-------------------------------------------
     0 | D:1      | Fv001 the Demonspawn Fighter began the quest for the Orb.
     0 | D:1      | Reached XP level 1. HP: 18/18 MP: 1/1
    56 | D:1      | Found a faded altar of an unknown god.
   230 | D:1      | Reached skill level 3 in Shields
   300 | D:1      | Gained mutation: A meltable shield of frost defends you.
                  | (SH +4) [demonic ancestry]
   300 | D:1      | Reached XP level 2. HP: 19/24 MP: 2/2
   503 | D:1      | You fall into a shaft and drop 1 floor!
   525 | D:2      | Reached XP level 3. HP: 24/29 MP: 3/3
   735 | D:2      | Found Qiowonu's Armour Shoppe.
  1243 | D:2      | Gained mutation: You have a pair of small antennae on your
                  | head. [demonic ancestry]
  1243 | D:2      | Reached XP level 4. HP: 9/35 MP: 4/4
  2245 | D:2      | Reached XP level 5. HP: 28/41 MP: 5/5
  2355 | D:2      | Reached skill level 1 in Dodging
  2428 | D:2      | Reached skill level 4 in Shields
  3715 | D:4      | Reached XP level 6. HP: 40/47 MP: 6/6
  4030 | D:5      | Entered Level 5 of the Dungeon
  4032 | D:5      | Noticed a troll
  4088 | D:5      | Slain by an ogre

Illustrated notes

Levels and vault maps discovered:
D:1:      minmay_arrival_loop, layout_loops_ring,
          ebering_ecumenical_altar_abandoned, minmay_quantized
D:2:      layout_loops_ring, basic_altar, serial_shops, shop,
          minmay_increasing_density
D:3:      layout_basic, grunt_ministairs_15
D:4:      layout_gridville
D:5:      layout_basic, cheibrodos_sewer_entry_drain,
          minmay_manual_mandibuliform

Skill      XL: |  1  2  3  4  5 |
---------------+----------------+-----
Shields        | 3 4 |  4.2
Long Blades    | 2 3 |  3.9
Armour         | 3 |  3.1
Dodging        | 1 |  1.1
Fighting       | |  3.4
Stealth        | |  0.2

Action                   |  1- 3 |  4- 6 || total
-------------------------+-------+-------++-------
Melee: Long sword        |   105 |   224 ||   329
  Use: Scroll            |     2 |     3 ||     5
       Potion            |       |     1 ||     1
Armor: Scale mail        |    38 |   111 ||   149
       Plate armour      |       |    15 ||    15
Dodge: Dodged            |    18 |    47 ||    65
Block: Kite shield       |    82 |   136 ||   218
       Rpst.: Long sword |     7 |    15 ||    22
